Construct Infanterie Kompanie
Infanterie Officer Quarters
Construct Luftwaffe Kompanie
Marder III M Tank Destroyer
Marder III M Tank Destroyer
Selects Luftwaffe Battlegroup
Selects Stuka Strafing Run
Selects Fallschirmjäger Squad Paradrop
Selects Luftwaffe Pioneer Support
Luftwaffe Officer Quarters
Marder III M Tank Destroyer
Selects Flak 38 Anti-Air Emplacement
Selects Infantry Reserves
Selects Fragmentation Bombs
Marder III M Tank Destroyer
Fallschirmjäger Squad Paradrop
Fallschirmpioneer Squad Paradrop